 Dungeon Sprint DCSS version 0.30-a0-883-g5ad918d77d (webtiles) character file.

Game seed: 17358392879358126662

16072 rocky1 the Merfolkian Blade (level 12, 0/110 HPs)
             Began as a Merfolk Gladiator on Mar 16, 2023.
             Was an Initiate of Gozag.
             Succumbed to poison (dark miasma)
             ... in the Dungeon (Sprint III: "The Ten Rune Challenge").
             The game lasted 00:16:42 (3337 turns).

rocky1 the Merfolkian Blade (Merfolk Gladiator)     Turns: 3337, Time: 00:16:43

Health: 0/110      AC: 11    Str: 19    XL:     12   Next: 33%
Magic:  12/12      EV: 31    Int: 12    God:    Gozag
Gold:   2658       SH:  0    Dex: 18    Spells: 11/11 levels left

rFire   + + .      SeeInvis .    p - +3 great sword (elec)
rCold   . . .      Faith    .    (shield currently unavailable)
rNeg    . . .      Spirit   .    w - +3 ring mail {rF+}
rPois   .          Reflect  .    A - +0 hat {Int+3}
rElec   .          Rampage  .    (no cloak)
rCorr   .          NoTele   +    v - +0 pair of gloves
Will    .....                    (boots currently unavailable)
Stlth   +++                      x - amulet of regeneration
HPRegen 1.18/turn                n - +5 ring of evasion
MPRegen 0.13/turn                y - ring of protection from fire

@: lethally poisoned (0 -> -33), gold aura, on berserk cooldown, slowed, quick
A: nimble swimmer 2, mertail, thin skeletal structure 1, passive freeze, strong
1, wild magic 1
a: Renounce Religion, Potion Petition, Call Merchant, Bribe Branch


You were in the Dungeon.
You worshipped Gozag.
Gozag was most pleased with you.
You visited 1 branch You collected 7205 gold pieces.
You spent 2127 gold pieces at shops.
You paid 2420 gold pieces to Gozag.

Inventory:

Hand Weapons
 a - a +0 long sword
 h - a +1 triple sword of draining
 k - a +2 dagger of venom
 p - a +3 great sword of electrocution (weapon)
 r - a +1 long sword of holy wrath
 u - a +3 demon trident of electrocution
Missiles
 d - 3 throwing nets
 e - a javelin
Armour
 b - a +0 leather armour
 c - a +0 helmet
 t - a +3 leather armour of cold resistance
 v - a +0 pair of gloves (worn)
 w - a +3 ring mail of fire resistance (worn)
 A - a +0 hat of intelligence (worn)
Jewellery
 n - a +5 ring of evasion (left hand)
 x - an amulet of regeneration (around neck)
 y - a ring of protection from fire (right hand)
Wands
 q - a wand of roots (5)
Scrolls
 m - 2 scrolls of torment
 s - a scroll of blinking
Potions
 g - 2 potions of heal wounds
 i - 3 potions of magic
 l - a potion of mutation
 o - 3 potions of flight
 z - a potion of brilliance {unknown}
Miscellaneous
 j - a lightning rod (4/4) (quivered)


   Skills:
 + Level 15.3 Fighting
 + Level 22.1 Long Blades
 - Level 2.1 Throwing
 + Level 9.5 Armour
 + Level 16.2 Dodging
 + Level 11.8 Evocations


You had 11 spell levels left.
You didn't know any spells.
Your spell library contained the following spells:

 Spells                   Type           Power      Damage    Failure   Level
 Portal Projectile        Hex/Tloc       0%         N/A       88%         3
 Tukima's Dance           Hex            0%         N/A       88%         3
 Blade Hands              Tmut           0%         N/A       100%        5


Dungeon Overview and Level Annotations

Branches:
Dungeon (1/1)

Altars:
Cheibriados
Dithmenos
Elyvilon
Fedhas
Gozag
Hepliaklqana
Kikubaaqudgha
Makhleb
Nemelex Xobeh
Okawaru
Qazlal
Ru
Sif Muna
Trog
Uskayaw
Vehumet
Wu Jian
Xom
Yredelemnul
Zin
The Shining One
Jiyva
Lugonu

Shops:
D =[(?


Innate Abilities, Weirdness & Mutations

You are very nimble when in or above water. (Stealth+, EV+, Speed+++)
Your lower body shifts to a powerful aquatic tail in water.
You have a somewhat thin skeletal structure. (Dex +2, Stealth+)
A frigid envelope surrounds you and freezes all who hurt you.
Your muscles are strong. (Str +4, Int/Dex -1)
Your spells are a little harder to cast, but a little more powerful.


Message History

You feel sick. The death drake breathes miasma at you.
The foul vapour misses you.
You slice the death drake!!
Your tail-slap misses the death drake.
The death drake is almost dead.
You are engulfed in dark miasma.
You are more poisoned.
You feel very sick. The death drake completely misses you.
You miss the death drake.
The death drake is almost dead.
You are engulfed in dark miasma.
You are more poisoned.
You feel extremely sick. The death drake barely misses you.
You slice the death drake!!
You kill the death drake!
You are engulfed in dark miasma.
You are more poisoned.
* * * LOW HITPOINT WARNING * * *
You feel extremely sick.
Your lightning rod (4/4) has regained two charges.
You are engulfed in dark miasma.
You are lethally poisoned!
* * * LOW HITPOINT WARNING * * *
x2 You feel extremely sick.
Unknown command.
You are too berserk!
Okay, then.
You feel a strong urge to attack something.
* * * LOW HITPOINT WARNING * * *
You feel extremely sick.
* * * LOW HITPOINT WARNING * * *
You feel extremely sick.
Unknown command.
Your legs become a tail as you enter the water.
You feel your anger nearly subside.
You are no longer berserk.
You are exhausted.
You feel as though you will be slow longer.
You die...
Your body crumbles into a pile of gold.

▓#+#############'♣
**,**,**,**+~
*..J#~P..........♣
*,,*,**,,,*~
▓.JJ+~~...########♣♣
**,**,**,,*~
▓..J#~~~.........PP♣
**,**,*****,
▓..J#~~~~....P....P♣
*,,,,,**,,,,
#+#############'####
********+***
**,****** #.♣♣ *,,,,
**,*,,,*** #♣.♣
*,,,, **,,,,,,,**
♣@♣♣ ****** *****
**,,,,,,,,,** ♣♣~♣
*,,,,* **,,,
*,,,,***,,,,* ♣$♣♣
*,,,,* *,,,,
*,,,**,**,,,* ♣$♣*
*,,,,* *,,**
**,,*,,,*,,**
♣.°♣**~,,** *,,,,
*,,,**,**,,,*
♣♣°♣*,****** **,,,
*,,,,***,,,,*
*♣°**,,,,~* ****
**,,,,,,,,,**
**,°♣*****~* **,,,
**,,,,,,,**
*,~°°~,~,~~* *∩,,,


There were no monsters in sight!

Vanquished Creatures
  Rupert (D)
  Gastronok (D)
  2 dire elephants (D)
  Snorg (D)
  A centaur warrior (D)
  4 death yaks (D)
  An orc high priest (D)
  2 death drakes (D)
  A deep elf pyromancer (D)
  2 orc sorcerers (D)
  2 elephants (D)
  2 black mambas (D)
  2 cane toads (D)
  A rime drake (D)
  A komodo dragon (D)
  3 wandering mushrooms (D)
  8 blink frogs (D)
  A shadow (D)
  A spatial vortex (D)
  5 orc warriors (D)
  A swamp drake (D)
  2 centaurs (D)
  An earth elemental (D)
  A necrophage (D)
  A water elemental (D)
  A jelly (D)
  An orc priest (D)
  A wizard (D)
  Jessica (D)
  A necromancer (D)
  3 humans (D)
  A kobold demonologist (D)
  A wolf (D)
  9 orcs (D)
  3 rats (D)
70 creatures vanquished.

Vanquished Creatures (others)
  9 plants (D)
9 creatures vanquished.

Grand Total: 79 creatures vanquished

Notes
Turn   | Place    | Note
-------+----------+-------------------------------------------
     0 | D        | rocky1 the Merfolk Gladiator began the quest for the Orb.
     0 | D        | Reached XP level 1. HP: 16/16 MP: 1/1
     5 | D        | Reached skill level 4 in Long Blades
    11 | D        | Noticed Jessica
    20 | D        | Killed Jessica
    21 | D        | Reached skill level 7 in Long Blades
    21 | D        | Reached XP level 2. HP: 16/22 MP: 2/2
    21 | D        | Reached XP level 3. HP: 20/27 MP: 3/3
   191 | D        | Reached skill level 8 in Long Blades
   221 | D        | Reached skill level 9 in Long Blades
   221 | D        | Reached XP level 4. HP: 12/33 MP: 4/4
   388 | D        | Gained mutation: You have supernaturally acute eyesight.
                  | (SInv) [potion of mutation]
   388 | D        | Lost mutation: You have supernaturally acute eyesight.
                  | (SInv) [potion of mutation]
   388 | D        | Gained mutation: You have a pair of small horns on your
                  | head. [potion of mutation]
   394 | D        | Lost mutation: You have a pair of small horns on your head.
                  | [potion of mutation]
   394 | D        | Gained mutation: You have hidden genetic potential. [potion
                  | of mutation]
   394 | D        | Gained mutation: You have great hidden genetic potential.
                  | [potion of mutation]
   411 | D        | Noticed a water elemental
   415 | D        | Killed a water elemental
   416 | D        | Reached skill level 11 in Long Blades
   416 | D        | Reached XP level 5. HP: 38/38 MP: 5/5
   625 | D        | Reached skill level 12 in Long Blades
   625 | D        | Gained mutation: Your muscles are strong. (Str +4, Int/Dex
                  | -1) [hidden potential]
   800 | D        | Noticed a shadow
   809 | D        | Killed a shadow
   810 | D        | Reached skill level 15 in Long Blades
   810 | D        | Reached XP level 6. HP: 30/44 MP: 6/6
   821 | D        | Gained mutation: You have a somewhat thin skeletal
                  | structure. (Dex +2, Stealth+) [hidden potential]
   821 | D        | Lost mutation: You have great hidden genetic potential.
                  | [hidden potential expressed]
   866 | D        | Found a blossoming altar of Fedhas.
   866 | D        | Found a stormy altar of Qazlal.
   866 | D        | Found a snail-covered altar of Cheibriados.
   866 | D        | Found a burning altar of Makhleb.
   866 | D        | Found a shimmering altar of Xom.
   867 | D        | Found a hazy altar of Hepliaklqana.
   867 | D        | Found an opulent altar of Gozag.
   867 | D        | Found a sparkling altar of Nemelex Xobeh.
   867 | D        | Found a corrupted altar of Lugonu.
   867 | D        | Found a viscous altar of Jiyva.
   867 | D        | Noticed a spatial vortex
   871 | D        | Became a worshipper of Gozag Ym Sagoz the Greedy
  1068 | D        | Found a basalt altar of Yredelemnul.
  1068 | D        | Found a shadowy altar of Dithmenos.
  1068 | D        | Found a sacrificial altar of Ru.
  1074 | D        | Reached skill level 1 in Evocations
  1231 | D        | Found a glowing silver altar of Zin.
  1231 | D        | Found a glowing golden altar of the Shining One.
  1231 | D        | Found a white marble altar of Elyvilon.
  1232 | D        | Noticed a deep elf pyromancer
  1238 | D        | Killed a deep elf pyromancer
  1239 | D        | Reached skill level 17 in Long Blades
  1239 | D        | Reached XP level 7. HP: 51/59 MP: 7/7
  1250 | D        | Gained mutation: Your spells are a little harder to cast,
                  | but a little more powerful. [hidden potential]
  1265 | D        | Found a radiant altar of Vehumet.
  1265 | D        | Found a shimmering blue altar of Sif Muna.
  1265 | D        | Found an ancient bone altar of Kikubaaqudgha.
  1269 | D        | Noticed a sixfirhy
  1278 | D        | Reached XP level 8. HP: 21/65 MP: 8/8
  1655 | D        | Found a hide-covered altar of Uskayaw.
  1655 | D        | Found an iron altar of Okawaru.
  1655 | D        | Found a bloodstained altar of Trog.
  1655 | D        | Found an ornate altar of the Wu Jian Council.
  1751 | D        | Found Xoica's Armour Shoppe.
  1752 | D        | Noticed an orc sorcerer
  1752 | D        | Noticed Snorg
  1753 | D        | Noticed an orc sorcerer
  1753 | D        | Noticed an orc high priest
  1756 | D        | Killed an orc sorcerer
  1757 | D        | Reached skill level 18 in Long Blades
  1757 | D        | Reached XP level 9. HP: 59/75 MP: 9/9
  1757 | D        | Killed an orc sorcerer
  1759 | D        | Killed an orc high priest
  1760 | D        | Reached skill level 10 in Fighting
  1761 | D        | Gained mutation: A frigid envelope surrounds you and
                  | freezes all who hurt you. [hidden potential]
  1761 | D        | Lost mutation: You have hidden genetic potential. [hidden
                  | potential expressed]
  1867 | D        | Bought a +0 pair of gloves for 58 gold pieces
  1867 | D        | Bought a +3 ring mail of fire resistance for 338 gold
                  | pieces
  1901 | D        | Killed Snorg
  1902 | D        | Reached skill level 19 in Long Blades
  1902 | D        | Reached skill level 10 in Evocations
  1902 | D        | Reached XP level 10. HP: 83/86 MP: 10/10
  2334 | D        | Noticed a centaur warrior
  2339 | D        | Killed a centaur warrior
  2340 | D        | Reached skill level 5 in Armour
  2340 | D        | Reached skill level 10 in Dodging
  2415 | D        | Bought a scroll of magic mapping for 97 gold pieces
  2421 | D        | Bought a +2 great sword of electrocution for 451 gold
                  | pieces
  2492 | D        | Bought a +5 ring of evasion for 468 gold pieces
  2492 | D        | Bought an amulet of regeneration for 390 gold pieces
  2492 | D        | Bought a ring of protection from fire for 325 gold pieces
  2503 | D        | Noticed a cane toad
  2503 | D        | Noticed a cane toad
  2506 | D        | Killed a cane toad
  2512 | D        | Killed a cane toad
  2637 | D        | Reached skill level 20 in Long Blades
  2641 | D        | Reached XP level 11. HP: 86/95 MP: 11/11
  2870 | D        | Noticed Rupert
  2878 | D        | Killed Rupert
  2904 | D        | Noticed an azure jelly
  2904 | D        | Noticed an azure jelly
  2904 | D        | Noticed an azure jelly
  2904 | D        | Noticed an azure jelly
  2906 | D        | Noticed a dire elephant
  2906 | D        | Noticed a dire elephant
  2906 | D        | Noticed Gastronok
  2913 | D        | Killed a dire elephant
  2927 | D        | Killed a dire elephant
  2928 | D        | Reached skill level 21 in Long Blades
  2929 | D        | Killed Gastronok
  3070 | D        | Noticed a death yak
  3071 | D        | Noticed a death yak
  3076 | D        | Noticed a death yak
  3081 | D        | Noticed a death yak
  3081 | D        | Killed a death yak
  3081 | D        | Killed a death yak
  3082 | D        | Reached skill level 15 in Dodging
  3083 | D        | Reached XP level 12. HP: 95/108 MP: 12/12
  3083 | D        | Killed a death yak
  3084 | D        | Killed a death yak
  3089 | D        | Reached skill level 15 in Fighting
  3153 | D        | Reached skill level 22 in Long Blades
  3337 | D        | Succumbed to poison (dark miasma)

Illustrated notes

Levels and vault maps discovered:
D:        dungeon_sprint_mu [sprint_mu_entry_forest, sprint_mu_temple_rooms,
          sprint_mu_d1_horrors, sprint_mu_d2_genie, sprint_mu_d3_branching,
          sprint_mu_orc_legion, sprint_mu_elf_gauntlet, sprint_mu_hive_nellie,
          sprint_mu_lair_fedhas, sprint_mu_vaults_butterflies,
          sprint_mu_slime_circle, sprint_mu_swamp_cave, sprint_mu_snake_twists,
          sprint_mu_blade_basic, sprint_mu_crypt_chambers,
          sprint_mu_tomb_spiral, sprint_mu_vestibule_basic,
          sprint_mu_gehenna_hellfire, sprint_mu_dis_giant,
          sprint_mu_tartarus_statrot, sprint_mu_cocytus_islands, sprint_mu_zot1]

Skill      XL: |  1  2  3  4  5  6  7  8  9 10 11 12 |
---------------+-------------------------------------+-----
Long Blades    | 7 9 11 15 17 18 19 20 21 22 | 22.1
Evocations     | 6 8 10 11 | 11.8
Fighting       | 6 8 10 12 14 15 | 15.3
Armour         | 2 4 6 8 9 |  9.5
Dodging        | 6 9 12 15 16 | 16.2
Throwing       | |  2.1

Action                     |  1- 3 |  4- 6 |  7- 9 | 10-12 || total
---------------------------+-------+-------+-------+-------++-------
  Melee: Long sword        |    34 |    24 |    15 |    41 ||   114
         Tailslap          |     3 |       |       |     8 ||    11
         Punch             |       |       |     1 |       ||     1
         Great sword       |       |       |       |    68 ||    68
  Throw: Throwing net      |       |     1 |       |       ||     1
 Invoke: Call Merchant     |       |       |       |     3 ||     3
         Potion Petition   |       |       |       |     1 ||     1
  Evoke: Wand              |       |     1 |     3 |     2 ||     6
         Lightning rod     |       |       |    12 |    22 ||    34
    Use: Potion            |       |     3 |     1 |     4 ||     8
         Scroll            |       |       |     1 |     4 ||     5
   Stab: Distracted        |       |       |       |     2 ||     2
 Armour: Leather armour    |     2 |       |     3 |       ||     5
         Ring mail         |       |       |       |    15 ||    15
  Dodge: Dodged            |    17 |     8 |    10 |    71 ||   106

Table legend: (Time is in decaauts)
 A = Elapsed time spent in this place.
 B = Non-inter-level travel time spent in this place.
 C = Inter-level travel time spent in this place.
 D = Time resting spent in this place.
 E = Time spent auto-exploring this place.
 F = Levels seen in this place.
 G = Mean time per level.
                   A        B        C        D        E       F      G
               +--------+--------+--------+--------+--------+-----+--------+
         Total |   3269 |   3269 |      0 |   2392 |      6 |   1 | 3269.0 |
       Dungeon |   3269 |   3269 |      0 |   2392 |      6 |   1 | 3269.0 |
               +--------+--------+--------+--------+--------+-----+--------+

Top non-repeatable levels by time:
       D: 3269 daAuts
